AoeStats
← coolbeans

Glade

510551452Analyzed
1v1 RM · 12h ago on Oct 1, 2026· 27m 55s· 2 players
Game mode
Random Map
Map size
Tiny (2 player)
Population
200
Speed
Normal
Resources
Standard
Victory
Conquest
Starting age
Dark Age
Ending age
Imperial Age
RankedLock teamsTeams togetherTeam positionsShared explorationLock speedFull tech treeHidden civsTurbo modeCheats
Victory
Defeat
🇩🇪 Varangians · Germany
1126
+15
🇩🇪 Sicilians · Germany
1100
-15
markus.pumba
6:05 Loom
11:29 Feudal Age
24:06 Castle Age
23:01 Scale Mail Armor
23:37 Forging
coolbeans
7:50 Loom
10:04 Feudal Age
10:10 Man-at-Arms
10:35 Arson
10:58 Double-Bit Axe
10:59 Horse Collar
17:19 Fletching
20:54 Castle Age
19:35 Scale Mail Armor
20:58 Forging
22:12 Chain Mail Armor
22:19 Squires
28:21 Bow Saw
Connection lost

Rejoining the realm…

Still unreachable

The connection could not be restored.

Session expired

The server has moved on; the page needs a fresh start.